 Dungeon Crawl Stone Soup version 0.26.1-11-gd32895ea62 (webtiles) character file.

Game seed: 13078493048840865621

37 Descartes the Ruffian (level 3, -3/19 HPs)
             Began as a Vine Stalker Chaos Knight on May 19, 2021.
             Was a Plaything of Xom.
             Slain by a gnoll
             ... wielding a +0 halberd
              (7 damage)
             ... on level 2 of the Dungeon.
             The game lasted 00:01:02 (847 turns).

Descartes the Ruffian (Vine Stalker Chaos Knight)    Turns: 847, Time: 00:01:02

Health: -3/19      AC:  5    Str: 14    XL:     3   Next: 41%
Magic:  0/4        EV: 11    Int: 13    God:    Xom [..*...]
Gold:   63         SH:  0    Dex: 13    Spells: 2/2 levels left

rFire    . . .     SeeInvis .     - Unarmed
rCold    . . .     Faith    .   (no shield)
rNeg     . . .     Spirit   +   a - +2 leather armour
rPois    .         Reflect  .   (no helmet)
rElec    .         Harm     .   (no cloak)
rCorr    .         Rampage  .   (no gloves)
Will     .....                  (no boots)
Stlth    ++........             (no amulet)
HPRegen  0.06/turn              (no ring)
MPRegen  0.09/turn              (no ring)

@: no status effects
A: fangs 2, magic shield, antimagic bite, no potion heal 3
a: Renounce Religion


You were on level 2 of the Dungeon.
You worshipped Xom.
You were a toy of Xom.
You visited 1 branch of the dungeon, and saw 2 of its levels.

You collected 63 gold pieces.

Inventory:

Missiles
 d - 8 arrows
 e - 19 bolts
 f - 17 sling bullets
 i - 5 large rocks
Armour
 a - a +2 leather armour (worn)
Scrolls
 h - 2 scrolls of remove curse {unknown}
 j - a scroll of identify {unknown}
Potions
 b - a potion of magic {unknown}
 c - 2 potions of flight {unknown}
 g - a potion of berserk rage {unknown}


   Skills:
 - Level 2.6 Fighting
 - Level 1.5 Armour
 - Level 0.7 Dodging
 + Level 2.6 Stealth
 + Level 3.7 Unarmed Combat


You had 2 spell levels left.
You didn't know any spells.
Your spell library was empty.

Dungeon Overview and Level Annotations

Branches:
Dungeon (2/15)

Altars:


Innate Abilities, Weirdness & Mutations

You have extremely sharp teeth.
When hurt, damage is shared between your health and your magic reserves.
Your bite disrupts and absorbs the magic of your enemies.
Potions cannot restore your health.


Message History

The gnoll closely misses you.
The gnoll shouts!
You hit the gnoll but do no damage.
The gnoll is severely wounded.
You hit the gnoll. You punch the gnoll.
You kill the gnoll!
You hit the worm. You bite the worm. You drain its power.
The worm is moderately wounded.
The worm bites you!
The gnoll hits you from afar with a +0 halberd.
You punch the worm!
The worm is severely wounded.
You hit the worm. You bite the worm.
You kill the worm!
The gnoll hits you from afar with a +0 halberd.
* * * LOW HITPOINT WARNING * * *
A gnoll comes into view. It is wielding a +0 flail.
The gnoll hits you with a +0 halberd!
You die...
Xom bursts into laughter!

.#..).. #.. .......
..# #...g. ..# .
#.....##..##..# .
#.......$..<... ..#
#.....w........
....#........g.....
......####..##..###
........@gg.......#
......####......##
####..##.....##.#
#.........#.# #
#.#.#.......#. ..
#....)......# .
#...........#
#######...........#
..................#


You could see 3 gnolls.

Vanquished Creatures
  A gnoll (D:2)
  An ooze (D:1)
  A worm (D:2)
  A giant cockroach (D:1)
  4 goblins (D:1)
  3 hobgoblins
  2 kobolds (D:1)
  5 bats
  A frilled lizard (D:1)
19 creatures vanquished.

Notes
Turn   | Place    | Note
-------+----------+-------------------------------------------
     0 | D:1      | Descartes the Vine Stalker Chaos Knight began the quest for
                  | the Orb.
     0 | D:1      | Reached XP level 1. HP: 11/11 MP: 2/2
    48 | D:1      | Reached skill level 1 in Stealth
    48 | D:1      | Reached XP level 2. HP: 16/16 MP: 3/3
   702 | D:1      | XOM is BORED!
   702 | D:1      | XOM: silly message
   708 | D:1      | XOM: divination: detect items
   833 | D:2      | Reached XP level 3. HP: 19/19 MP: 4/4
   847 | D:2      | Slain by a gnoll

Illustrated notes

Levels and vault maps discovered:
D:1:      ebering_hopf_link, layout_basic, serial_park_tiny_pond
D:2:      layout_rooms, minmay_misc_feat_four_crosses,
          chequers_serial_rivers_micro_d, uniq_natasha, uniq_jessica

Skill      XL: |  1  2 |
---------------+-------+-----
Stealth        | 1 2 |  2.6
Fighting       | |  2.6
Armour         | |  1.5
Dodging        | |  0.7
Unarmed Combat | |  3.7

Action                   || total
-------------------------++-------
Melee: Unarmed           ||    58
       Bite              ||    22
       Punch             ||     2
 Stab: Sleeping          ||     1
Armor: Leather armour    ||    28
Dodge: Dodged            ||    36
